 Dungeon Crawl Stone Soup version 0.28.0-53-g5a82cb258f (webtiles) character file.

Game seed: 5440574645245215989

2 jjjjhere the Chiller (level 1, -1/10 HPs)
             Began as a Gargoyle Ice Elementalist on Aug 16, 2022.
             Slain by a jackal (2 damage)
             ... on level 1 of the Dungeon.
             The game lasted 00:00:23 (73 turns).

jjjjhere the Chiller (Gargoyle Ice Elementalist)      Turns: 73, Time: 00:00:24

Health: -1/10      AC:  4    Str: 11    XL:     1   Next: 40%
Magic:  1/3        EV: 11    Int: 15    God:
Gold:   0          SH:  0    Dex: 10    Spells: 3/4 levels left

rFire   . . .      SeeInvis .   (no weapon)
rCold   . . .      Faith    .   (no shield)
rNeg    + . .      Spirit   .   a - +0 robe
rPois   ∞          Reflect  .   (no helmet)
rElec   +          Harm     .   (no cloak)
rCorr   .          Rampage  .   (no gloves)
Will    .....                   (no boots)
Stlth   ++........              (no amulet)
HPRegen 0.03/turn               (no ring)
MPRegen 0.08/turn               (no ring)

@: no status effects
A: sickness immunity, AC +2, negative energy resistance 1, electricity
resistance, torment resistance 1, petrification resistance
a: no special abilities


You were on level 1 of the Dungeon.
You visited 1 branch of the dungeon, and saw 1 of its levels.

Inventory:

Armour
 a - a +0 robe (worn)


   Skills:
 - Level 1.5 Dodging
 - Level 2.1 Stealth
 + Level 2.1 Spellcasting
 + Level 4.0 Ice Magic


You had 3 spell levels left.
You knew the following spells:

 Your Spells              Type           Power      Damage    Failure   Level
a - Freeze                Ice            52%        1d7       4%          1

Your spell library contained the following spells:

 Spells                   Type           Power      Damage    Failure   Level
 Frozen Ramparts          Ice            26%        1d4       12%         3
 Ozocubu's Armour         Ice            13%        N/A       12%         3
 Hailstorm                Conj/Ice       7%         3d4       67%         4


Dungeon Overview and Level Annotations

Branches:
Dungeon (1/15)

Altars:


Innate Abilities, Weirdness & Mutations

You are immune to sickness and miasma.
Your stone body is resilient. (AC +2)
You are immune to poison.
You resist negative energy. (rN+)
You are resistant to electric shocks. (rElec)
You are resistant to unholy torment.
You are immune to petrification.


Message History

The jackal closely misses you.
Found a scroll labelled UXEYBO WOILIST.
The jackal barely misses you.
The jackal bites you but does no damage.
Aiming: Freeze (safe; 4% risk of failure)
Press: ? - help, Q - select action Shift-Dir - straight line, f - jackal
Aim: a jackal You freeze the jackal.
The jackal is heavily wounded.
The jackal closely misses you. The jackal barely misses you.
The jackal bites you but does no damage.
You see here a jackal corpse.
The jackal barely misses you.
You see here a scroll labelled LOTO BUMMIXIRCH.
A ball python comes into view.
The ball python hisses angrily.
The jackal bites you but does no damage.
The ball python barely misses you. The ball python grabs you.
The ball python constricts you.
The ball python's grasp on you weakens, but your attempt to escape fails.
The jackal bites you but does no damage. x2
The ball python barely misses you. The ball python constricts you.
The jackal barely misses you.
The ball python's grasp on you weakens, but your attempt to escape fails.
The jackal bites you but does no damage.
The jackal bites you.
* * * LOW HITPOINT WARNING * * *
The ball python barely misses you. The ball python constricts you.
The jackal bites you but does no damage.
The jackal barely misses you.
You escape the ball python's grasp.
The endoplasm jiggles. x2
The jackal bites you but does no damage.
The jackal bites you but does no damage.
The jackal closely misses you.
The jackal bites you but does no damage.
The jackal completely misses you.
You open the door. The jackal bites you.
You die...

#...........#......#
+..................+ #
#........#..#......#
##..#......g.#.........+
.............#.##......#
...###J.$...#.........#
#hS....#.##.#.....
#.h...............
#@h....(....#.####
......'...........#.####
#...###..........##.....
#. #..........#......
.###...... #.<.... .
##.... #..#### # ...
#..##.. .. #..#.##
#..+.#


You could see an endoplasm, 3 jackals, a goblin and a ball python.

Vanquished Creatures
  A jackal (D:1)
  A quokka (D:1)
2 creatures vanquished.

Notes
Turn   | Place    | Note
-------+----------+-------------------------------------------
     0 | D:1      | jjjjhere the Gargoyle Ice Elementalist began the quest for
                  | the Orb.
     0 | D:1      | Reached XP level 1. HP: 10/10 MP: 3/3
    43 | D:1      | HP: 3/10 [jackal (1)]
    67 | D:1      | HP: 1/10 [jackal (3)]
    73 | D:1      | Slain by a jackal

Illustrated notes

Levels and vault maps discovered:
D:1:      minmay_arrival_stone_box, layout_basic, ebering_ecumenical_altar_hall,
          minivault_27, minmay_domino_4

Action                   || total
-------------------------++-------
 Cast: Freeze            ||     5
Armor: Robe              ||    10
Dodge: Dodged            ||    18
